 Dungeon Crawl Stone Soup version 0.18.1-48-g4cf74bf (webtiles) character file.

1831 HAL9000j the Covered (level 9, -5/54 HPs)
             Began as a Gargoyle Fighter on July 8, 2016.
             Was a Believer of Pakellas.
             Slain by Rationalist's ghost (7 damage)
             ... on level 6 of the Dungeon.
             The game lasted 00:41:04 (6336 turns).

HAL9000j the Covered (Gargoyle Fighter)             Turns: 6336, Time: 00:41:05

Health: -5/54      AC: 14    Str: 28 (29) XL:     9   Next: 11%
Magic:  19/19      EV:  9    Int:  8      God:    Pakellas [**....]
Gold:   328        SH: 11    Dex:  9      Spells: 0 memorised, 10 levels left

rFire  . . .     SeeInvis .     a - +0 flail
rCold  . . .     Gourm    .     b - +0 scale mail
rNeg   + . .     Faith    +     c - +0 shield
rPois  ∞         Spirit   .     o - +0 helmet
rElec  +         Dismiss  .     (no cloak)
rCorr  .         Reflect  .     (no gloves)
SustAt .         Harm     .     (no boots)
MR     .....     Rnd*Rage +     f - amulet of faith
Stlth  +.........               (no ring)
                                e - ring of magical power

@: mighty, very slightly contaminated, invisible, not resistant to hostile
enchantments, very unstealthy
A: berserk 1, blurry vision 1, clumsy 1, deterioration 1, negative energy
resistance 1, screaming 1, electricity resistance, strong 1, unbreathing,
petrification resistance, rot immunity, AC +5
a: Quick Charge, Renounce Religion


You were on level 6 of the Dungeon.
You worshipped Pakellas.
Pakellas was pleased with you.
You were not hungry.

You visited 1 branch of the dungeon, and saw 6 of its levels.

You collected 328 gold pieces.

Inventory:

Hand Weapons
 a - a +0 flail (weapon)
 p - a +2 dagger of electrocution
 t - a +0 shortbow
Missiles
 h - 123 arrows
 n - 28 bolts
 v - 3 tomahawks (quivered)
Armour
 b - a +0 scale mail (worn)
 c - a +0 shield (worn)
 o - a +0 helmet (worn)
Jewellery
 e - a ring of magical power (left hand)
 f - an amulet of faith (around neck)
Wands
 j - a wand of confusion (24/48)
 q - a wand of random effects (26/48)
 B - a wand of polymorph (10/24)
 D - a wand of paralysis (22/24)
Scrolls
 g - a scroll of blinking
 l - a scroll of remove curse
 r - 2 scrolls of teleportation
 s - 2 scrolls of fog
 w - a scroll of fear
 A - 3 scrolls of identify
Potions
 i - 2 potions of cancellation
 k - a potion of berserk rage
Miscellaneous
 y - a sack of spiders {used: 1}
Comestibles
 x - 2 meat rations
 z - 3 chunks of flesh


   Skills:
 * Level 5.6 Fighting
 + Level 3.9 Maces & Flails
 + Level 3.2 Throwing
 * Level 6.0 Armour
 + Level 2.6 Dodging
 * Level 5.4 Stealth
 * Level 5.9 Shields
 - Level 1.1 Spellcasting
 * Level 2.1 Evocations


You had 10 spell levels left.
You didn't know any spells.

Dungeon Overview and Level Annotations

Branches:
Dungeon (6/15)
 Temple: D:4-7

Altars:
Ashenzari
Elyvilon
Fedhas
Makhleb
Okawaru
Pakellas
Trog
Yredelemnul
Zin

Annotations:
D:6 Rationalist's ghost, novice FoFi


Innate Abilities, Weirdness & Mutations

You are resistant to torment.
Your stone body is resilient (AC +5).
You are immune to poison.
You resist negative energy.
You are resistant to electric shocks.
You can survive without breathing.
You are immune to petrification.
You are immune to rotting.
You tend to lose your temper in combat.
Scrolls take you a little longer to read.
You are clumsy. (Dex -2)
Your body sometimes deteriorates upon taking damage.
You occasionally shout uncontrollably at your foes.
Your muscles are strong. (Str +2)


Message History

You closely miss Rationalist's ghost.
Rationalist's ghost is lightly damaged.
Rationalist's ghost hits you!
* * * LOW HITPOINT WARNING * * *
You hit Rationalist's ghost.
Rationalist's ghost is lightly damaged.
You block Rationalist's ghost's attack.
Drink which item? (? for menu, Esc to quit)
You fade into invisibility!
Rationalist's ghost hits you!
* * * LOW HITPOINT WARNING * * *
Read which item? (? for menu, Esc to quit)
Really read with blurry vision while enemies are nearby? [Y]es or [N]o only, please.
Really read with blurry vision while enemies are nearby? [Y]es or [N]o only, please.
Really read with blurry vision while enemies are nearby?
Rationalist's ghost hits you!
You die...
Pakellas says: That's one more possible approach eliminated.

#.... #.# ... #.#
.####.####.#
...........################
...#....'.................#
#....#.................#
#....#.................#
#....#.................#
#....#......W@.........#
#....#.............÷...#
###########..###..##..####
#..#######.....#
....#.....#....##
.....#.<...'....#
......#>....#....#
......#.....#....#
##....#....#


You could see Rationalist's ghost.

Vanquished Creatures
  The ghost of Rationalist the Shield-Bearer, a novice FoFi (D:4)
  The ghost of Metae the Skirmisher, an amateur MiFi of Makhleb (D:5)
  A phantom (D:4)
  An ice beast (D:5)
  A centaur (D:4)
  An ogre (D:4)
  Blork the orc (D:5)
  A giant frog (D:6)
  A howler monkey (D:4)
  4 crimson imps
  3 hounds (D:4)
  2 orc priests (D:5)
  2 iguanas
  2 orc wizards
  3 worker ants (D:4)
  A hound skeleton (D:4)
  A hound zombie (D:5)
  3 adders
  4 gnolls (D:3)
  5 oozes
  4 worms
  A dart slug (D:2)
  2 giant geckos (D:4)
  7 orcs
  7 goblins
  10 hobgoblins
  9 jackals
  2 quokkas
  A ball python (D:1)
  4 bats
  6 giant newts
  5 kobolds
  8 rats
105 creatures vanquished.

Vanquished Creatures (collateral kills)
  A giant frog skeleton (D:5)
  2 orcs (D:5)
3 creatures vanquished.

Grand Total: 108 creatures vanquished

Notes
Turn   | Place    | Note
--------------------------------------------------------------
     0 | D:1      | HAL9000j the Gargoyle Fighter began the quest for the Orb.
     0 | D:1      | Reached XP level 1. HP: 14/14 MP: 1/1
   235 | D:1      | Reached XP level 2. HP: 19/19 MP: 2/2
   810 | D:1      | Reached XP level 3. HP: 23/23 MP: 4/4
   976 | D:1      | Reached skill level 1 in Stealth
  1020 | D:2      | Found an iron altar of Okawaru.
  1035 | D:2      | Reached skill level 1 in Spellcasting
  1143 | D:2      | Found a faded altar to an unknown god.
  1186 | D:2      | Reached XP level 4. HP: 28/28 MP: 5/5
  1226 | D:2      | Reached skill level 1 in Throwing
  1231 | D:2      | Found an oddly glowing altar of Pakellas.
  1256 | D:2      | Became a worshipper of Pakellas the Inventive
  1400 | D:2      | Found a white marble altar of Elyvilon.
  1474 | D:2      | Found a glowing silver altar of Zin.
  1474 | D:2      | Noticed an angel
  1915 | D:3      | Reached skill level 4 in Armour
  2233 | D:3      | Reached XP level 5. HP: 33/33 MP: 6/6
  2296 | D:3      | Reached * piety under Pakellas
  2296 | D:3      | Received a gift from Pakellas
  2376 | D:3      | Found a basalt altar of Yredelemnul.
  2745 | D:3      | Reached skill level 1 in Dodging
  3194 | D:4      | Noticed an ogre
  3199 | D:4      | Killed an ogre
  3199 | D:4      | Reached XP level 6. HP: 30/38 MP: 7/7
  3268 | D:4      | Reached ** piety under Pakellas
  3268 | D:4      | Received a gift from Pakellas
  3383 | D:4      | Noticed Rationalist's ghost (novice FoFi)
  3400 | D:4      | Killed Rationalist's ghost
  3400 | D:4      | Reached XP level 7. HP: 44/44 MP: 8/8
  3462 | D:4      | Found a shattered altar of Ashenzari.
  3545 | D:4      | Found a burning altar of Makhleb.
  3627 | D:4      | Reached skill level 5 in Shields
  3627 | D:4      | Reached XP level 8. HP: 33/48 MP: 9/9
  3914 | D:4      | Found a blossoming altar of Fedhas.
  4256 | D:5      | Entered Level 5 of the Dungeon
  4276 | D:5      | Reached skill level 5 in Armour
  4287 | D:5      | Noticed Metae's ghost (amateur MiFi)
  4303 | D:5      | Gained mutation: You are clumsy. (Dex -2) [potion of mutation]
  4303 | D:5      | Gained mutation: Scrolls take you a little longer to read. [potion of mutation]
  4303 | D:5      | Gained mutation: Your body sometimes deteriorates upon taking damage. [potion of mutation]
  4314 | D:5      | Killed Metae's ghost
  4314 | D:5      | Reached skill level 5 in Fighting
  4368 | D:5      | Noticed Blork the orc
  4624 | D:4      | Gained mutation: You occasionally shout uncontrollably at your foes. [potion of mutation]
  4624 | D:4      | Gained mutation: You tend to lose your temper in combat. [potion of mutation]
  4624 | D:4      | Gained mutation: Your muscles are strong. (Str +2) [potion of mutation]
  4806 | D:4      | Reached skill level 1 in Evocations
  4808 | D:4      | Reached skill level 5 in Stealth
  5312 | D:5      | Killed Blork the orc
  5388 | D:5      | Reached XP level 9. HP: 18/54 MP: 10/10
  6286 | D:6      | Reached skill level 6 in Armour
  6306 | D:6      | Noticed Rationalist's ghost (novice FoFi)
  6314 | D:6      | Found a bloodstained altar of Trog.
  6333 | D:6      | HP: 2/54 [Rationalist's ghost (10)]
  6336 | D:6      | Slain by Rationalist's ghost

Skill      XL: |  1  2  3  4  5  6  7  8  9 |
---------------+----------------------------+-----
Stealth        | 1 2 3 5 |  5.4
Spellcasting   | 1 |  1.1
Throwing       | 1 2 3 |  3.2
Armour         | 4 5 6 |  6.0
Fighting       | 4 5 |  5.6
Dodging        | 1 2 |  2.6
Shields        | 4 5 |  5.9
Maces & Flails | 3 |  3.9
Evocations     | 1 2 |  2.1

Action                   |  1- 3 |  4- 6 |  7- 9 || total
-------------------------+-------+-------+-------++-------
Melee: Flail             |    86 |   189 |   333 ||   608
Throw: Tomahawk          |    17 |    37 |    13 ||    67
Evoke: Wand              |       |     2 |     5 ||     7
       Sack of spiders   |       |       |     1 ||     1
  Use: Scroll            |     1 |     5 |     4 ||    10
       Potion            |       |     4 |    10 ||    14
  Eat: Chunk             |     1 |     1 |     6 ||     8
       Fruit             |       |     2 |       ||     2
       Bread ration      |       |     1 |     1 ||     2
       Royal jelly       |       |       |     1 ||     1
       Beef jerky        |       |       |     1 ||     1
Armor: Scale mail        |    39 |     2 |   103 ||   144
       Chain mail        |       |   111 |   130 ||   241
       Skin              |       |     7 |       ||     7
Dodge: Dodged            |    24 |    47 |   118 ||   189
Block: Shield            |    38 |   101 |   206 ||   345
